 Dungeon Crawl Stone Soup version 0.22-a0-281-g2e20325899 (webtiles) character file.

316 Manul the Insei (level 6, 0/48 HPs)
             Began as a Demonspawn Monk on Mar 17, 2018.
             Succumbed to an adder's poison
             ... on level 3 of the Dungeon.
             The game lasted 00:04:25 (3685 turns).

Manul the Insei (Demonspawn Monk)                   Turns: 3685, Time: 00:04:25

Health: 0/48       AC:  4    Str:  9 (12) XL:     6   Next: 20%
Magic:  6/6        EV: 14    Int:  8 (11) God:
Gold:   103        SH:  0    Dex: 16 (17) Spells: 5/6 levels left

rFire    . . .     SeeInvis .     - Unarmed
rCold    + . .     Gourm    .   (no shield)
rNeg     . . .     Faith    .   a - +0 robe
rPois    .         Spirit   .   (no helmet)
rElec    .         Reflect  .   (no cloak)
rCorr    .         Harm     .   (no gloves)
MR       .....                  (no boots)
Stlth    ++........             (no amulet)
HPRegen  0.16/turn              (no ring)
MPRegen  0.10/turn              (no ring)

@: lethally poisoned (0 -> -1)
A: molten scales 1, cold resistance 1
a: no special abilities


You were on level 3 of the Dungeon.
You were very hungry.

You visited 1 branch of the dungeon, and saw 3 of its levels.

You collected 103 gold pieces.

Inventory:

Armour
 a - a +0 robe (worn)
 e - a +0 plate armour
 g - a +0 chain mail of cold resistance
Wands
 l - a wand of paralysis (15)
Scrolls
 c - 2 scrolls of identify {unknown}
 d - 3 scrolls of remove curse
 h - a scroll of teleportation {unknown}
 i - a scroll of fear {unknown}
 m - a scroll of amnesia {unknown}
 n - a scroll of enchant armour {unknown}
Comestibles
 b - 2 rations


   Skills:
 + Level 3.6 Fighting
 * Level 1.9 Armour
 + Level 3.6 Dodging
 - Level 2.1 Stealth
 + Level 4.7 Unarmed Combat
 + Level 0.5 Spellcasting
 + Level 0.4 Hexes


You had 5 spell levels left.
You knew the following spells:

 Your Spells              Type           Power        Failure   Level  Hunger
a - Confusing Touch       Hex            #.....       34%         1    ##.....


Dungeon Overview and Level Annotations

Branches:
Dungeon (3/15)

Altars:
Sif Muna


Innate Abilities, Weirdness & Mutations

You are partially covered in molten scales. (AC +2)
Your flesh is cold resistant. (rC+)


Message History

You see here a stone.
* * * LOW HITPOINT WARNING * * *
You feel sick.
The goblin unwields an uncursed hunting sling.
The goblin wields an uncursed club.
The goblin hits you but does no damage.
You completely miss the goblin.
The goblin is severely wounded.
You hit the goblin.
You kill the goblin!
* * * LOW HITPOINT WARNING * * *
You feel sick.
You see here a stone.
* * * LOW HITPOINT WARNING * * *
You feel sick.
You see here a stone.
Found a runed bone wand.
* * * LOW HITPOINT WARNING * * *
You feel sick.
There is a lethal amount of poison in your body!
You die...

##.##+###)# #. #.# # #. #(#
# #.###.# .. ...##.# ...
#.#..##.# .. #.#..##(#
##.####
########.#..##.###..../..
......##.#..#>..@..........
......##....#############..
......###......[..# #.#
......# #..######'##### #.#
......###..# #........# #.#
##....##..>#
#........###.## #....##.###
#........##...# ##....##.#
####+#........# ##...###.#
#.#.#####..#


There were no monsters in sight!

Vanquished Creatures
  Grinder (D:3)
  An orc priest (D:3)
  An ooze (D:3)
  3 worms
  A dart slug (D:2)
  4 leopard geckos
  4 orcs (D:3)
  10 bats
  6 giant cockroaches
  7 goblins
  7 hobgoblins
  A quokka (D:2)
  4 ball pythons
  A frilled lizard (D:2)
  6 kobolds
  4 rats
61 creatures vanquished.

Notes
Turn   | Place    | Note
-------+----------+-------------------------------------------
     0 | D:1      | Manul the Demonspawn Monk began the quest for the Orb.
     0 | D:1      | Reached XP level 1. HP: 18/18 MP: 1/1
   482 | D:1      | Gained mutation: Your flesh is cold resistant. (rC+) [demonic ancestry]
   482 | D:1      | Reached XP level 2. HP: 24/24 MP: 2/2
   598 | D:1      | Reached skill level 3 in Unarmed Combat
  1228 | D:1      | Reached XP level 3. HP: 29/29 MP: 3/3
  1583 | D:2      | Learned a level 1 spell: Confusing Touch
  2810 | D:3      | Found a deep blue altar of Sif Muna.
  3137 | D:3      | Reached XP level 4. HP: 32/35 MP: 4/4
  3185 | D:3      | Reached skill level 1 in Armour
  3302 | D:3      | Noticed Grinder
  3303 | D:3      | Paralysed by Grinder for 5 turns
  3326 | D:3      | HP: 2/52 [Grinder/nerve-wracking pain (12)]
  3330 | D:3      | Killed Grinder
  3330 | D:3      | Reached skill level 4 in Unarmed Combat
  3330 | D:3      | Reached XP level 5. HP: 2/42 MP: 5/5
  3330 | D:3      | Gained mutation: You are partially covered in molten scales. (AC +2) [demonic ancestry]
  3330 | D:3      | Reached XP level 6. HP: 3/48 MP: 6/6
  3671 | D:3      | HP: 2/48 [poisoned by an adder]
  3677 | D:3      | HP: 1/48 [poisoned by an adder]
  3685 | D:3      | Succumbed to an adder's poison

Vault maps used:
D:1:      dpeg_arrival_concentric_ovals
D:2:      first_ration, minmay_statues_item
D:3:      nicolae_overflow_hidden_temple, uniq_grinder

Skill      XL: |  1  2  3  4 |
---------------+-------------+-----
Stealth        | 2 |  2.1
Unarmed Combat | 3 4 |  4.7
Dodging        | 3 |  3.6
Armour         | 1 |  1.9
Fighting       | |  3.6
Spellcasting   | |  0.5
Hexes          | |  0.4

Action                   |  1- 3 |  4- 6 || total
-------------------------+-------+-------++-------
Melee: Unarmed           |   185 |    79 ||   264
       Punch             |     3 |     3 ||     6
 Cast: Confusing Touch   |     2 |     4 ||     6
Evoke: Wand              |       |     1 ||     1
  Use: Potion            |       |     5 ||     5
       Scroll            |       |     1 ||     1
 Stab: Sleeping          |    11 |       ||    11
       Confused          |     2 |     1 ||     3
  Eat: Chunk             |     6 |     2 ||     8
Armor: Robe              |    23 |     9 ||    32
Dodge: Dodged            |    96 |    72 ||   168

Table legend:
 A = Spawn XP
 B = Non-spawn XP
 C = Spawn XP percentage of total XP
 D = Spawn monster count
 E = Non-spawn monster count
 F = Spawn count percentage of total count
 G = Total turns spent on level
                    A         B        C        D         E        F      G
               +---------+---------+-------+---------+---------+-------+---------
         Total |       0 |     452 |   0.0 |       0 |      61 |   0.0 |  3685
               +---------+---------+-------+---------+---------+-------+---------
           D:1 |       0 |      44 |   0.0 |       0 |      24 |   0.0 |  1516
           D:2 |       0 |      37 |   0.0 |       0 |      19 |   0.0 |  1116
           D:3 |       0 |     371 |   0.0 |       0 |      18 |   0.0 |  1053
               +---------+---------+-------+---------+---------+-------+---------
